 Dungeon Crawl Stone Soup version 0.18.1-50-g88ac8fd (webtiles) character file.

35 cedor the Charlatan (level 3, 0/26 HPs)
             Began as a Demonspawn Artificer on Sept 23, 2016.
             Succumbed to Jessica's poison
             ... on level 2 of the Dungeon.
             The game lasted 00:02:43 (649 turns).

cedor the Charlatan (Demonspawn Artificer)           Turns: 649, Time: 00:02:43

Health: 0/26       AC:  3    Str: 11    XL:     3   Next: 17%
Magic:  5/5        EV: 12    Int: 14    God:
Gold:   20         SH:  0    Dex: 13    Spells: 0 memorised, 2 levels left

rFire  . . .     SeeInvis .     h - +3 dagger (venom)
rCold  + . .     Gourm    .     b - +0 leather armour
rNeg   . . .     Faith    .     (no shield)
rPois  .         Spirit   .     (no helmet)
rElec  .         Dismiss  .     (no cloak)
rCorr  .         Reflect  .     (no gloves)
SustAt .         Harm     .     (no boots)
MR     .....                    (no amulet)
Stlth  ++........               (no ring)
                                (no ring)

@: lethally poisoned (0 -> -11), not resistant to hostile enchantments,
unstealthy
A: claws 1, cold resistance 1
a: no special abilities


You were on level 2 of the Dungeon.
You were not hungry.

You visited 1 branch of the dungeon, and saw 2 of its levels.

You collected 20 gold pieces.


Innate Abilities, Weirdness & Mutations

You have sharp fingernails.
Your flesh is cold resistant.


   Skills:
 - Level 1.0 Fighting
 + Level 1.6 Short Blades
 + Level 2.3 Dodging
 + Level 2.0 Stealth
 - Level 3.0 Evocations


You had 2 spell levels left.
You didn't know any spells.

Inventory:

Hand Weapons
 a - a +0 short sword
 h - a +3 dagger of venom (weapon)
Armour
 b - a +0 leather armour (worn)
Wands
 c - a wand of flame (15/48)
 d - a wand of enslavement (15/24)
 e - a wand of random effects (14/48)
Scrolls
 g - a scroll of immolation {unknown}
 j - a scroll of magic mapping {unknown}
Comestibles
 f - a bread ration
 i - a chunk of flesh

Dungeon Overview and Level Annotations

Branches:
Dungeon (2/15)

Altars:

...... K▒...........▒
......▒▒............▒
......▒▒............▒
......▒▒...▒ .w.....▒▒▒▒
...........▒▒▒.........
.........▒...........▒
...▒.....▒▒▒▒▒.......▒▒.
...▒......[K............
...▒....▒▒▒▒▒▒▒▒6▒...▒▒
...▒....▒▒▒▒............
........................
..........K▒......▒▒▒...
.▒▒▒▒▒▒▒▒▒.▒▒▒▒▒▒.▒ ..
..... ... .▒ .▒▒▒▒ .▒ ..
.▒ .. .▒


You could see a worm and 2 kobolds.


Message History

You hear a shout! x2
* * * LOW HITPOINT WARNING * * *
You feel sick.
Things that are here:
a dagger of venom; a robe; the human corpse of Jessica Drink which item? (? for menu, Esc to quit)
You feel magically purged.
* * * LOW HITPOINT WARNING * * *
You feel sick.
h - a dagger of venom
* * * LOW HITPOINT WARNING * * *
You feel sick.
Wield which item (- for none, * to show all)? (? for menu, Esc to quit)
Your +3 dagger of venom begins to drip with poison!
h - a +3 dagger of venom (weapon)
* * * LOW HITPOINT WARNING * * *
You feel sick.
* * * LOW HITPOINT WARNING * * *
You feel sick.
* * * LOW HITPOINT WARNING * * *
You feel sick.
* * * LOW HITPOINT WARNING * * *
You feel sick.
A worm comes into view.
* * * LOW HITPOINT WARNING * * *
You feel sick.
* * * LOW HITPOINT WARNING * * *
You feel sick.
A kobold comes into view. It is wielding a dagger.
You die...

Action                   || total
-------------------------++-------
Melee: Short sword       ||    62
Evoke: Wand              ||     1
  Use: Potion            ||     2
Armor: Leather armour    ||    23
Dodge: Dodged            ||    64

Vault maps used:
D:1:      grunt_arrival_lava_bath, roderic_roman_lattice
D:2:      zin_purify, uniq_jessica

Notes
Turn   | Place    | Note
--------------------------------------------------------------
     0 | D:1      | cedor the Demonspawn Artificer began the quest for the Orb.
     0 | D:1      | Reached XP level 1. HP: 15/15 MP: 3/3
    37 | D:1      | Reached skill level 2 in Dodging
    37 | D:1      | Reached skill level 1 in Stealth
    97 | D:2      | HP: 1/15 [goblin/dagger (1)]
   372 | D:1      | Reached skill level 1 in Short Blades
   380 | D:1      | Gained mutation: You have sharp fingernails. [demonic ancestry]
   380 | D:1      | Reached XP level 2. HP: 7/21 MP: 4/4
   630 | D:2      | Noticed Jessica
   639 | D:2      | Killed Jessica
   639 | D:2      | Reached skill level 2 in Stealth
   639 | D:2      | Gained mutation: Your flesh is cold resistant. [demonic ancestry]
   639 | D:2      | Reached XP level 3. HP: 14/26 MP: 5/5
   647 | D:2      | HP: 2/26 [poisoned by Jessica]
   649 | D:2      | Succumbed to Jessica's poison

Vanquished Creatures
  Jessica (D:2)
  3 bats
  A giant cockroach (D:1)
  2 goblins (D:1)
  A hobgoblin (D:1)
  A kobold (D:2)
9 creatures vanquished.
